 Dungeon Crawl Stone Soup version 0.25-a0-1130-g3926558 (webtiles) character file.

Game seed: 14148320808793731732, levelgen mode: deterministic

224 relicbr the Digger (level 6, -3/36 HPs)
             Began as an Octopode Earth Elementalist on May 19, 2020.
             Blown up by Ijyb (12 damage)
             ... with a disintegration bolt
             ... on level 4 of the Dungeon.
             The game lasted 00:08:30 (4021 turns).

relicbr the Digger (Octopode Earth Elementalist)    Turns: 4021, Time: 00:08:31

Health: -3/36      AC:  1    Str:  7    XL:     6   Next: 0%
Magic:  7/9        EV: 14    Int: 20    God:
Gold:   164        SH:  0    Dex: 18    Spells: 5/9 levels left

rFire    . . .     SeeInvis .   k - +0 short sword
rCold    . . .     Gourm    .   (no shield)
rNeg     . . .     Faith    .   (helmet restricted)
rPois    .         Spirit   .   (no amulet)
rElec    .         Reflect  .   l - +6 ring of dexterity
rCorr    .         Harm     .   (no ring)
MR       .....                  (no ring)
Stlth    +++.......             (no ring)
HPRegen  0.12/turn              (no ring)
MPRegen  0.11/turn              (no ring)
                                (no ring)
                                (no ring)

@: about to teleport, hasted, very quick
A: almost no armour, stealthy swim, amphibious, 8 rings, constrict 8, camouflage
1, gelatinous body 1
a: no special abilities


You were on level 4 of the Dungeon.
You were very hungry.

You visited 1 branch of the dungeon, and saw 4 of its levels.

You collected 164 gold pieces.

Inventory:

Hand Weapons
 k - a +0 short sword (weapon)
Missiles
 b - 45 stones (quivered)
Jewellery
 l - a +6 ring of dexterity (left tentacle)
Scrolls
 a - a scroll of teleportation
 d - a scroll of random uselessness {unknown}
 j - a scroll of enchant armour {unknown}
 n - 4 scrolls of remove curse
 o - a scroll of blinking {unknown}
 p - a scroll of enchant weapon {unknown}
Potions
 e - a potion of flight
 h - 2 potions of berserk rage
 q - 2 potions of magic
Comestibles
 c - 7 rations


   Skills:
 - Level 2.0 Dodging
 - Level 2.6 Stealth
 - Level 2.0 Spellcasting
   Level 1.0 Transmutations
 * Level 6.5 Earth Magic


You had 5 spell levels left.
You knew the following spells:

 Your Spells              Type           Power        Failure   Level  Hunger
a - Sandblast             Erth           ####..       1%          1    #......
b - Stone Arrow           Conj/Erth      ###...       12%         3    ###....

Your spell library contained the following spells:

 Spells                   Type           Power        Failure   Level  Hunger
 Passwall                 Tmut/Erth      ###.....     4%          2    ##.....
 Lee's Rapid Deconstruct  Erth           ####......   30%         5    ######.
 Petrify                  Tmut/Erth      ###.....     32%         4    #####..


Dungeon Overview and Level Annotations

Branches:
Dungeon (4/15)
 Temple: D:4-7

Altars:
Ashenzari
Qazlal
Trog
Uskayaw

Annotations:
D:4 Ijyb, Sigmund


Innate Abilities, Weirdness & Mutations

You cannot wear most types of armour.
You are very stealthy in the water. (Stealth+)
You are amphibious.
You can wear up to eight rings at the same time.
You can use your tentacles to constrict eight enemies at once.
Your skin changes colour to match your surroundings (Stealth+).
Your rubbery body absorbs attacks. (AC +1, EV +1)


Message History

Sorry, you're not good enough to have a special ability.
Unknown command.
You bump into the rock wall.
Sigmund closely misses you.
You're too confused to cast spells.
Sorry, you're not good enough to have a special ability.
Unknown command.
Unknown command.
The adder skeleton completely misses you.
Found 14 gold pieces.
You barely miss the adder skeleton. The adder skeleton barely misses you.
Sigmund mumbles some strange words.
Sigmund flickers and vanishes!
Deactivating autopickup; reactivate with Ctrl-A.
You feel less confused.
As you read the scroll of teleportation, it crumbles to dust.
You feel strangely unstable.
Ijyb screams, "Die!"
The adder skeleton barely misses you.
Ijyb zaps a wand.
You are blasted!
You die...

...######.# ........#.#
# #..g......# #.
#.######
#.############.#.....
#..............##.###
#.................#
#........g....#######
#...@...{Z....'......
##............#######
.....$................#
.................####.##
........##+#...[........
........# #.#..#.#.#.##
........# #.#..#.#.#.#
..####.## #.#..#.#>..#
#.#..#.######


You could see Ijyb and an adder skeleton.

Vanquished Creatures
  A bullfrog (D:3)
  2 worker ants (D:4)
  An adder (D:3)
  2 oozes
  2 worms
  A dart slug (D:1)
  A leopard gecko (D:3)
  12 orcs (D:3)
  3 ball pythons
  7 giant cockroaches
  5 goblins
  2 hobgoblins (D:1)
  8 jackals
  7 kobolds
  A quokka (D:2)
  6 bats
  4 frilled lizards
  8 rats
73 creatures vanquished.

Vanquished Creatures (others)
  A bat (D:2)
1 creature vanquished.

Grand Total: 74 creatures vanquished

Notes
Turn   | Place    | Note
-------+----------+-------------------------------------------
     0 | D:1      | relicbr the Octopode Earth Elementalist began the quest for
                  | the Orb.
     0 | D:1      | Reached XP level 1. HP: 11/11 MP: 3/3
   366 | D:1      | Reached XP level 2. HP: 7/17 MP: 1/5
  1209 | D:1      | Reached skill level 4 in Earth Magic
  1237 | D:2      | Reached XP level 3. HP: 14/21 MP: 6/6
  1535 | D:2      | Found a stormy altar of Qazlal.
  2069 | D:2      | Found a bloodstained altar of Trog.
  2069 | D:2      | Found a hide-covered altar of Uskayaw.
  2121 | D:2      | Reached XP level 4. HP: 27/27 MP: 7/7
  2547 | D:3      | Reached skill level 5 in Earth Magic
  2560 | D:3      | Noticed a bullfrog
  2568 | D:3      | Killed a bullfrog
  2568 | D:3      | Reached XP level 5. HP: 9/31 MP: 1/8
  3161 | D:3      | Reached skill level 6 in Earth Magic
  3178 | D:3      | Learned a level 3 spell: Stone Arrow
  3400 | D:3      | Found a shattered altar of Ashenzari.
  3922 | D:4      | Noticed Sigmund
  3978 | D:4      | Reached XP level 6. HP: 36/36 MP: 7/9
  4000 | D:4      | Noticed Ijyb
  4021 | D:4      | Blown up by Ijyb

Illustrated notes

Levels and vault maps discovered:
D:1:      kennysheep_arrival_forest, layout_loops_ring, st_stairs_14
D:2:      layout_rooms, lemuel_round_altar, gammafunk_temple_overflow_elements,
          lemuel_another_geyser
D:3:      minmay_skewed_foursquare, layout_loops_corners, ashenzari_altar_1,
          first_ration, minmay_misc_feat_secret_circle
D:4:      layout_basic, uniq_ijyb, uniq_natasha, uniq_sigmund

Skill      XL: |  1  2  3  4  5 |
---------------+----------------+-----
Earth Magic    | 4 5 6 |  6.5
Dodging        | |  2.0
Stealth        | |  2.6
Spellcasting   | |  2.0
Transmutations | |  1.0

Action                   |  1- 3 |  4- 6 || total
-------------------------+-------+-------++-------
Melee: Unarmed           |    13 |       ||    13
       Constrict         |    20 |     8 ||    28
       Tentacles         |    16 |     5 ||    21
       Club              |    28 |       ||    28
       Short sword       |    23 |    38 ||    61
 Cast: Sandblast         |    25 |    26 ||    51
  Use: Scroll            |       |     8 ||     8
       Potion            |       |     1 ||     1
 Stab: Sleeping          |     3 |     6 ||     9
  Eat: Chunk             |     4 |     5 ||     9
Armor: Skin              |    11 |     3 ||    14
Dodge: Dodged            |    82 |    27 ||   109

Table legend:
 A = Non-vault XP
 B = Vault XP
 C = Vault XP percentage of total XP
 D = Non-vault monster count
 E = Vault monster count
 F = Vault count percentage of total count
                 A         B        C        D         E       F
            +---------+---------+-------+---------+---------+-------
      Total |     305 |      15 |   4.7 |      66 |       8 |  10.8
            +---------+---------+-------+---------+---------+-------
        D:1 |      34 |       3 |   8.1 |      18 |       2 |  10.0
        D:2 |      46 |       0 |   0.0 |      23 |       0 |   0.0
        D:3 |     157 |      12 |   7.1 |      22 |       6 |  21.4
        D:4 |      68 |       0 |   0.0 |       3 |       0 |   0.0
            +---------+---------+-------+---------+---------+-------
